 Seeded DCSS version 0.28-a0-450-gd8b2e6d (webtiles) character file.

Game seed: 8859158737211481446 (custom seed)

26021 Illumine the Grappler (level 12, 118/118 HPs)
             Began as a Troll Monk on Sept 10, 2021.
             Was a High Priest of Cheibriados.
             Quit the game on level 3 of the Lair of Beasts on Sept 12, 2021.
             The game lasted 00:31:03 (12439 turns).

Illumine the Grappler (Troll Monk)                 Turns: 12439, Time: 00:31:04

Health: 118/118    AC:  6    Str: 40    XL:     12   Next: 94%
Magic:  16/16      EV: 20    Int: 20    God:    Cheibriados [*****.]
Gold:   441        SH:  0    Dex: 26    Spells: 11/11 levels left

rFire   x . .      SeeInvis .     - Unarmed
rCold   + . .      Faith    .   (no shield)
rNeg    . . .      Spirit   .   H - +2 robe {Will+}
rPois   .          Reflect  .   (helmet restricted)
rElec   .          Harm     .   g - scarf {repulsion}
rCorr   .          Rampage  .   (gloves unavailable)
Will    +....                   (boots unavailable)
Stlth   ++........              (no amulet)
HPRegen 1.29/turn               t - ring of ice
MPRegen 0.15/turn               w - +4 ring of evasion

@: studying Throwing, repel missiles, very slow
A: large, unfitting armour, claws 3, regeneration 1, shaggy fur 1, tough skin 1
a: Renounce Religion, Bend Time, Temporal Distortion, Slouch, Step From Time


You were on level 3 of the Lair of Beasts.
You worshipped Cheibriados.
Cheibriados was extremely pleased with you.
You visited 3 branches of the dungeon, and saw 15 of its levels.
You also visited: Bailey.

You collected 769 gold pieces.
You spent 328 gold pieces at shops.

Inventory:

Hand Weapons
 v - a +3 flail
 K - a +3 scimitar of flaming
Missiles
 a - 84 poisoned darts
 m - 8 boomerangs (quivered)
 q - 3 datura-tipped darts
 L - 6 large rocks
Armour
 g - a scarf of repulsion (worn)
 H - a +2 robe of willpower (worn)
Jewellery
 f - a ring of resist corrosion
 t - a ring of ice (left claw)
 w - a +4 ring of evasion (right claw)
 y - a ring of flight
 F - an amulet of guardian spirit
 O - an amulet of faith
 S - a ring of ice
Wands
 n - a wand of polymorph (12)
 M - a wand of acid (9)
 Q - a wand of paralysis (6)
Scrolls
 c - 2 scrolls of blinking
 e - 8 scrolls of teleportation
 h - 6 scrolls of magic mapping
 i - 4 scrolls of brand weapon
 j - 3 scrolls of noise {unknown}
 l - 4 scrolls of enchant weapon
 o - 3 scrolls of immolation
 s - 2 scrolls of torment {unknown}
 u - 5 scrolls of silence
 A - a scroll of fear {unknown}
 B - 2 scrolls of enchant armour {unknown}
 G - a scroll of vulnerability {unknown}
 P - a scroll of summoning {unknown}
 R - a scroll of identify
 T - a scroll of fog {unknown}
Potions
 b - 2 potions of mutation
 d - 4 potions of curing
 k - 4 potions of heal wounds
 p - 2 potions of resistance
 r - 2 potions of haste
 x - a potion of lignification {unknown}
 z - a potion of might {unknown}
 C - a potion of experience {unknown}
 D - a potion of berserk rage {unknown}
 E - 3 potions of ambrosia
 J - a potion of invisibility {unknown}
 N - 2 potions of magic {unknown}
Miscellaneous
 I - a tin of tremorstones (2/2)


   Skills:
 + Level 7.5 Fighting
 - Level 2.6 Maces & Flails
 - Level 10.0 Throwing
 + Level 7.5 Dodging
 - Level 1.0 Stealth
 * Level 12.6 Unarmed Combat
 + Level 7.6 Invocations
 + Level 5.5 Evocations


You had 11 spell levels left.
You didn't know any spells.
Your spell library contained the following spells:

 Spells                   Type           Power      Damage    Failure   Level
 Foxfire                  Conj/Fire      0%         2x1d4     19%         1
 Conjure Flame            Conj/Fire      0%         6-21      50%         3
 Dazzling Flash           Conj/Hex       0%         N/A       50%         3
 Inner Flame              Hex/Fire       0%         N/A       50%         3
 Flame Wave               Conj/Fire      0%         3d3       88%         4
 Iskenderun's Mystic Bla  Conj/Tloc      0%         2d3       88%         4
 Agony                    Necr           0%         N/A       99%         5
 Fireball                 Conj/Fire      0%         3d3       99%         5
 Silence                  Hex/Air        0%         N/A       99%         5
 Starburst                Conj/Fire      0%         6d3       100%        6
 Borgnjor's Revivificati  Necr           0%         N/A       100%        8
 Ignition                 Fire           0%         3d3       100%        8
 Necromutation            Tmut/Necr      0%         N/A       100%        8
 Death's Door             Necr           0%         N/A       100%        9


Dungeon Overview and Level Annotations

Branches:
Dungeon (11/15)            Temple (1/1) D:4            Lair (3/6) D:11
  Snake (0/4) Lair:2       Bailey (visited)
  Swamp: Lair:2-4    Shoals: Lair:2-4       Orc: D:9-12

Altars:
Ashenzari
Cheibriados
Dithmenos
Elyvilon
Fedhas
Gozag
Hepliaklqana
Kikubaaqudgha
Makhleb
Nemelex Xobeh
Okawaru
Qazlal
Ru
Sif Muna
Trog
Uskayaw
Vehumet
Wu Jian
Xom
Yredelemnul
Zin
The Shining One
Beogh

Shops:
D:2 =   D:3 **![*

Portals:
Trove: D:11 (give 7 potions of haste)

Annotations:
D:9 1 runed translucent door
D:10 3 runed translucent doors, BakedSpriggan's ghost, journeyman TeFi
D:11 exclusion: obsidian statue


Innate Abilities, Weirdness & Mutations

You are too large for most types of armour.
You have claws for hands.
Your natural rate of healing is unusually fast.
You are covered in fur. (AC +1)
You have tough skin. (AC +1)


Message History

The blink frog hits you.
The blink frog blinks!
The blink frog completely misses you.
The blink frog blinks!
The blink frog blinks!
Throw: 8 boomerangs
Press: ? - help, Q - select action, (/) - cycle Shift-Dir - straight line, f - blink frog
Aim: a blink frog (57% to hit)
You throw a boomerang. The boomerang hits the blink frog!!
The blink frog is almost dead.
The blink frog blinks!
Throw: 8 boomerangs
Press: ? - help, Q - select action, (/) - cycle Shift-Dir - straight line, f/p - blink frog
Aim: a blink frog (almost dead, 57% to hit)
You throw a boomerang.
The boomerang closely misses the blink frog.
The blink frog blinks!
Throw: 8 boomerangs
Press: ? - help, Q - select action, (/) - cycle Shift-Dir - straight line, f/p - blink frog
Aim: a blink frog (almost dead, 57% to hit)
You throw a boomerang.
The boomerang barely misses the blink frog.
Unknown command.
Throw: 8 boomerangs
Press: ? - help, Q - select action, (/) - cycle Shift-Dir - straight line, f/p - blink frog
Aim: a blink frog (almost dead, 57% to hit)
You throw a boomerang.
The boomerang completely misses the blink frog.
Unknown command.
Throw: 8 boomerangs
Press: ? - help, Q - select action, (/) - cycle Shift-Dir - straight line, f/p - blink frog
Aim: a blink frog (almost dead, 57% to hit)
You throw a boomerang. The boomerang hits the blink frog.
The blink frog is almost dead.
Unknown command.
Throw: 8 boomerangs
Press: ? - help, Q - select action, (/) - cycle Shift-Dir - straight line, f/p - blink frog
Aim: a blink frog (almost dead, 57% to hit)
You throw a boomerang. The boomerang hits the blink frog!
You kill the blink frog!
Cheibriados thoroughly appreciates the change of pace.
Are you sure you want to abandon this character and quit the game? (Confirm with "yes".)

...................###.#.........
.............................<...
.........#.......................
........................P........
...###.........†.................
....#....................##......
.......##..............##.#......
.#....###............#####.......
##....###.......@.....## #.###...
.#....P##.#...#..#.....# #####...
.......####.##.........# #....
...........####....#..## ####.
......#....## #..P#.(#### ##
...<........###.........##### ##
............................## #.
......#######.#.###.#######..# ##
......#P....#..##.#.#.....#..# #


There were no monsters in sight!

Vanquished Creatures
  Fannar (Lair:3)
  A centaur warrior (D:11)
  2 hydras (Lair:3)
  A boulder beetle (Lair:3)
  A death knight (D:11)
  3 two-headed ogres
  Urug (Lair:2)
  2 skeletal warriors (D:11)
  2 cyclopes (D:11)
  The ghost of Ubbricas the Ducker, a novice TeFE (D:5)
  2 black mambas (Lair:3)
  4 cane toads
  Maggie (D:10)
  A rime drake (Lair:3)
  An efreet (D:11)
  A freezing wraith (D:11)
  A tengu conjurer (D:11)
  5 komodo dragons
  2 trolls (D:11)
  Prince Ribbit (D:6)
  A slime creature (D:11)
  A dream sheep (Lair:3)
  A blink frog (Lair:3)
  A wraith (D:11)
  A shadow (D:11)
  2 wyverns
  3 vampire mosquitoes (Lair:1)
  16 yaks
  A basilisk (Lair:1)
  A steam dragon (D:8)
  6 two-headed ogre zombies (D:11)
  2 wargs (D:11)
  8 water moccasins
  2 swamp drakes (Lair:1)
  3 black bears
  14 orc warriors
  2 necrophages
  5 ice beasts
  An ogre (D:7)
  5 wolves (Lair:1)
  3 centaurs
  8 bullfrogs
  A water moccasin zombie (D:6)
  A gnoll sergeant (D:9)
  A scorpion (D:5)
  6 killer bees (D:10)
  7 wights
  3 howler monkeys (D:11)
  4 centaur zombies
  2 bullfrog zombies
  A jelly (D:5)
  6 orc priests
  A bullfrog skeleton (D:4)
  A centaur skeleton (D:4)
  3 hounds
  3 iguanas
  7 orc wizards
  A hound skeleton (D:4)
  Robin (D:4)
  13 gnolls
  4 adders
  A white imp (D:6)
  An ufetubus (D:6)
  An adder skeleton (D:4)
  3 worms
  2 dart slugs
  50 orcs
  4 endoplasms
  2 giant cockroaches (D:1)
  23 hobgoblins
  6 jackals (D:3)
  11 kobolds
  A quokka (D:2)
  4 ball pythons
  8 bats
  2 frilled lizards (D:1)
  33 goblins
  3 rats
  A spectral kobold (D:2)
343 creatures vanquished.

Vanquished Creatures (others)
  9 fungi
  11 plants
20 creatures vanquished.

Grand Total: 363 creatures vanquished

Notes
Turn   | Place    | Note
-------+----------+-------------------------------------------
     0 | D:1      | Illumine the Troll Monk began the quest for the Orb.
     0 | D:1      | Reached XP level 1. HP: 22/22 MP: 0/0
   149 | D:1      | Reached skill level 1 in Unarmed Combat
   310 | D:1      | Reached XP level 2. HP: 26/29 MP: 1/1
   682 | D:1      | Reached skill level 2 in Unarmed Combat
   896 | D:2      | Reached skill level 1 in Throwing
   937 | D:2      | Reached XP level 3. HP: 32/36 MP: 2/2
   991 | D:2      | Found a faded altar of an unknown god.
  1049 | D:2      | Found Etempa's Jewellery Shoppe.
  1581 | D:3      | Found Caguatt's Assorted Antiques.
  1586 | D:3      | Found Neps's General Store.
  1594 | D:3      | Reached skill level 3 in Unarmed Combat
  1615 | D:3      | Bought a scroll of identify for 28 gold pieces
  1739 | D:4      | Reached XP level 4. HP: 44/44 MP: 3/3
  1826 | D:4      | Noticed Robin
  1837 | D:4      | Killed Robin
  1877 | D:4      | Reached XP level 5. HP: 46/50 MP: 4/4
  1926 | D:4      | Reached skill level 4 in Unarmed Combat
  1935 | D:4      | Noticed a black bear
  1955 | D:3      | Found Fedwidof's Antique Armour Boutique.
  2030 | D:3      | Found an opulent altar of Gozag.
  2067 | D:3      | Found Urrunyr's Assorted Antiques.
  2535 | D:3      | Found Naid's Distillery.
  2555 | D:3      | Bought a potion of heal wounds for 60 gold pieces
  2637 | D:3      | Reached XP level 6. HP: 48/59 MP: 5/5
  2834 | D:4      | Found a staircase to the Ecumenical Temple.
  2847 | D:4      | Reached skill level 5 in Unarmed Combat
  2853 | Temple   | Entered the Ecumenical Temple
  2904 | Temple   | Became a worshipper of Cheibriados the Contemplative
  2904 | Temple   | Reached * piety under Cheibriados
  2904 | Temple   | Reached ** piety under Cheibriados
  3179 | D:5      | Entered Level 5 of the Dungeon
  3215 | D:5      | Reached XP level 7. HP: 66/67 MP: 6/6
  3233 | D:5      | Noticed Ubbricas's ghost (novice TeFE)
  3234 | D:5      | Identified the +1 scale mail "Udikhoum" {Fly rPois}
  3236 | D:5      | Found a runed translucent gate.
  3236 | D:5      | Found a runed translucent gate.
  3236 | D:5      | Found a runed translucent gate.
  3336 | D:5      | Reached skill level 1 in Invocations
  3510 | D:5      | Found a sparkling altar of Nemelex Xobeh.
  3575 | D:5      | Reached skill level 6 in Unarmed Combat
  3651 | D:5      | Reached skill level 5 in Throwing
  4101 | D:6      | Reached XP level 8. HP: 64/75 MP: 8/8
  4413 | D:6      | Reached *** piety under Cheibriados
  4456 | D:6      | Found a shimmering blue altar of Sif Muna.
  4556 | D:6      | Noticed Prince Ribbit
  4564 | D:6      | Killed Prince Ribbit
  4565 | D:6      | Reached skill level 7 in Unarmed Combat
  5047 | D:7      | Found an ancient bone altar of Kikubaaqudgha.
  5182 | D:7      | Found an ancient bone altar of Kikubaaqudgha.
  5183 | D:7      | Found a glowing golden altar of the Shining One.
  5184 | D:7      | Found a stormy altar of Qazlal.
  5184 | D:7      | Found a glowing silver altar of Zin.
  5256 | D:7      | Reached XP level 9. HP: 84/84 MP: 10/10
  5341 | D:7      | Found a bloodstained altar of Trog.
  5940 | D:8      | Reached skill level 1 in Evocations
  5941 | D:8      | Reached **** piety under Cheibriados
  5942 | D:8      | Reached skill level 8 in Unarmed Combat
  6271 | D:9      | Noticed a two-headed ogre
  6278 | D:9      | Killed a two-headed ogre
  6507 | D:9      | Noticed a two-headed ogre
  6516 | D:9      | Killed a two-headed ogre
  6517 | D:9      | Reached skill level 5 in Fighting
  6517 | D:9      | Reached skill level 5 in Dodging
  6517 | D:9      | Reached skill level 9 in Unarmed Combat
  6517 | D:9      | Reached XP level 10. HP: 96/96 MP: 12/12
  6756 | D:9      | Found a runed translucent door.
  7040 | D:10     | Entered Level 10 of the Dungeon
  7040 | D:10     | Noticed Maggie
  7113 | D:10     | Found a hide-covered altar of Uskayaw.
  7203 | D:10     | Reached skill level 5 in Invocations
  7226 | D:10     | Killed Maggie
  7238 | D:10     | Found a runed translucent gate.
  7239 | D:10     | Found a runed translucent gate.
  7239 | D:10     | Noticed BakedSpriggan's ghost (journeyman TeFi)
  7240 | D:10     | Found a runed translucent gate.
  7240 | D:10     | Noticed a ten-headed hydra
  7240 | D:10     | Noticed a nine-headed hydra
  7312 | D:10     | Reached ***** piety under Cheibriados
  7378 | D:10     | Reached skill level 10 in Unarmed Combat
  7638 | D:10     | Found a broken altar of Ashenzari.
  7638 | D:10     | Found a shadowy altar of Dithmenos.
  7710 | D:10     | Found an ornate altar of the Wu Jian Council.
  7711 | D:10     | Found a shimmering altar of Xom.
  7731 | D:10     | Noticed a two-headed ogre
  7740 | D:10     | Killed a two-headed ogre
  7741 | D:10     | Reached XP level 11. HP: 76/105 MP: 14/14
  8064 | D:5      | Killed Ubbricas's ghost
  8216 | D:11     | Noticed an obsidian statue
  8283 | D:11     | Noticed a death knight
  8285 | D:11     | Found a flagged portal.
  8285 | D:11     | Noticed a skeletal warrior
  8289 | D:11     | Noticed a skeletal warrior
  8294 | Bailey   | Entered a bailey
  8933 | D:11     | Noticed a centaur warrior
  9105 | D:11     | Killed a centaur warrior
  9106 | D:11     | Reached skill level 10 in Throwing
  9144 | D:11     | Found a portal to a secret trove of treasure.
  9158 | D:11     | Reached skill level 11 in Unarmed Combat
  9270 | D:11     | Reached ****** piety under Cheibriados
  9340 | D:11     | Found a staircase to the Lair.
  9482 | D:11     | Killed a death knight
  9488 | D:11     | Killed a skeletal warrior
  9489 | D:11     | Reached XP level 12. HP: 19/115 MP: 9/15
  9889 | D:3      | Bought a potion of haste for 240 gold pieces
 10089 | Lair:1   | Entered Level 1 of the Lair of Beasts
 10894 | Lair:2   | Reached skill level 5 in Evocations
 10905 | Lair:2   | Reached skill level 12 in Unarmed Combat
 11187 | Lair:2   | Found a staircase to the Snake Pit.
 11201 | Lair:2   | Noticed Urug
 11209 | Lair:2   | Killed Urug
 11779 | Lair:3   | Noticed a four-headed hydra
 11781 | Lair:3   | Killed a four-headed hydra
 11784 | Lair:3   | Upgraded the game from 0.28-a0-439-g4cf4cd4 to
                  | 0.28-a0-450-gd8b2e6d
 11793 | Lair:3   | Noticed Fannar
 11812 | Lair:3   | Killed Fannar
 12207 | Lair:3   | Noticed a boulder beetle
 12229 | Lair:3   | Noticed an eight-headed hydra
 12233 | Lair:3   | Killed an eight-headed hydra
 12287 | Lair:3   | Killed a boulder beetle
 12439 | Lair:3   | Quit the game

Illustrated notes

Levels and vault maps discovered:
D:1:      scummos_arrival_gate, layout_loops_corners, grunt_decor_arrowhead,
          serial_bayou_pond_d
D:2:      layout_basic, dreamdust_ecumenical_altar_drowned_temple, serial_shops,
          shop
D:3:      corexii_shack_village, layout_basic, lemuel_crystal_altar,
          serial_shops, nicolae_shop_waterfront, shop, nicolae_diamond_shop,
          nicolae_shop_window_shopping, shop, minivault_25
D:4:      layout_rooms, minmay_temple_entry_glassed_door, serial_glass,
          glass_columns_c, glass_columns_c, glass_columns_c, glass_columns_c,
          glass_columns_b, glass_columns_b, uniq_robin
D:5:      lemuel_ice_spiral_2, layout_basic, mainiacjoe_overflow_cross_hatched,
          biasface_ghost_orc_armoury
D:6:      layout_basic, led_sif_pool, uniq_prince_ribbit1
D:7:      layout_basic, trog_hazing_becter, mainiacjoe_overflow_alcove_3,
          minivault_24, chequers_serial_rivers_room_a, kennysheep_flooded_box
D:8:      layout_loops_cross
D:9:      layout_loops_ring, minmay_misc_feat_cross, lightli_church_of_beogh
D:10:     layout_gridville, eat_drink_and_be_merry_uskayaw,
          grunt_temple_overflow_open, gammafunk_ghost_hydra_chop,
          feat_on_display, uniq_maggie
D:11:     lemuel_ogre_cave, layout_basic, erik_lair_orcish_takeover,
          enter_trove_1, enter_bailey_8, minivault_16, minmay_diamond_spiral
Temple:   jpeg_temple_island
Lair:1:   wander_river, layout_gridlike, pond
Lair:2:   layout_cave_pods, dummy_snake_entry, uniq_urug
Lair:3:   layout_cave_shapes, minmay_shattered_shrine, uniq_fannar

Skill      XL: |  1  2  3  4  5  6  7  8  9 10 11 12 |
---------------+-------------------------------------+-----
Unarmed Combat | 1 2 3 4 5 6 7 9 10 11 12 | 12.6
Throwing       | 1 2 3 4 5 6 8 9 10 | 10.0
Fighting       | 3 4 5 6 7 |  7.5
Dodging        | 3 4 5 6 7 |  7.5
Invocations    | 2 3 4 5 6 7 |  7.6
Evocations     | 2 3 4 5 |  5.5
Maces & Flails | |  2.6
Stealth        | |  1.0

Action                   |  1- 3 |  4- 6 |  7- 9 | 10-12 || total
-------------------------+-------+-------+-------+-------++-------
Melee: Unarmed           |   116 |   164 |   180 |   417 ||   877
       Punch             |       |     1 |    14 |    26 ||    41
Throw: Dart              |       |     2 |     9 |    11 ||    22
       Boomerang         |       |     1 |    16 |    57 ||    74
       Large rock        |       |       |       |    15 ||    15
Invok: Slouch            |       |       |       |     3 ||     3
       Bend Time         |       |       |       |     1 ||     1
       Temporal Distorti |       |       |       |     1 ||     1
Evoke: Wand              |       |       |       |     5 ||     5
  Use: Scroll            |     2 |     2 |     2 |    10 ||    16
       Potion            |       |       |       |     3 ||     3
 Stab: Sleeping          |     3 |     4 |     2 |     2 ||    11
       Distracted        |       |       |       |     1 ||     1
Armor: Robe              |    42 |    47 |    35 |    51 ||   175
Dodge: Dodged            |    63 |    88 |   103 |   317 ||   571
       Repelled          |       |       |     2 |     1 ||     3

Table legend: (Time is in decaauts)
 A = Elapsed time spent in this place.
 B = Non-inter-level travel time spent in this place.
 C = Inter-level travel time spent in this place.
 D = Time resting spent in this place.
 E = Time spent auto-exploring this place.
 F = Levels seen in this place.
 G = Mean time per level.
                   A        B        C        D        E       F      G
               +--------+--------+--------+--------+--------+-----+--------+
         Total |  18162 |  16360 |   1802 |    963 |  12113 |  16 | 1135.1 |
       Dungeon |  13504 |  11852 |   1652 |    683 |   8733 |  11 | 1227.6 |
        Temple |    106 |     53 |     53 |      0 |     38 |   1 |  106.0 |
          Lair |   4174 |   4078 |     96 |    189 |   3342 |   3 | 1391.3 |
        Bailey |    376 |    376 |      0 |     90 |      0 |   1 |  376.0 |
               +--------+--------+--------+--------+--------+-----+--------+

Top non-repeatable levels by time:
    D:11: 2013 daAuts
  Lair:3: 1684 daAuts
    D:10: 1612 daAuts
  Lair:2: 1423 daAuts
     D:5: 1381 daAuts
     D:7: 1379 daAuts
     D:6: 1375 daAuts
     D:9: 1310 daAuts
     D:8: 1142 daAuts
  Lair:1: 1066 daAuts
     D:3: 968 daAuts
     D:1: 882 daAuts
     D:4: 738 daAuts
     D:2: 700 daAuts
  Bailey: 376 daAuts
